 Dungeon Crawl Stone Soup version 0.19.1-1-g22dce08 (webtiles) character file.

18 Goblin1989 the Cudgeler (level 2, -1/22 HPs)
             Began as a Demonspawn Skald on Jan 2, 2017.
             Slain by a hobgoblin
             ... wielding a +0 club
              (4 damage)
             ... on level 1 of the Dungeon.
             The game lasted 00:02:46 (484 turns).

Goblin1989 the Cudgeler (Demonspawn Skald)           Turns: 484, Time: 00:02:47

Health: -1/22      AC:  9    Str: 12    XL:     2   Next: 51%
Magic:  5/5        EV: 11    Int: 13    God:
Gold:   8          SH:  0    Dex: 12    Spells: 1 memorised, 4 levels left

rFire  . . .     SeeInvis .     g - -1 hand axe (curse)
rCold  . . .     Gourm    .     b - +0 leather armour
rNeg   . . .     Faith    .     (no shield)
rPois  .         Spirit   .     (no helmet)
rElec  .         Reflect  .     (no cloak)
rCorr  .         Harm     .     (no gloves)
MR     .....                    (no boots)
Stlth  +.........               (no amulet)
                                (no ring)
                                (no ring)

@: sanguine armour
A: sanguine armour 1
a: no special abilities


You were on level 1 of the Dungeon.
You were not hungry.

You visited 1 branch of the dungeon, and saw 1 of its levels.

You collected 8 gold pieces.

Inventory:

Hand Weapons
 a - a +0 mace
 g - a cursed -1 hand axe (weapon)
Armour
 b - a +0 leather armour (worn)
Scrolls
 f - a scroll of enchant armour {unknown}
Potions
 e - a potion of haste {unknown}
Books
 c - a book of Battle

   Spells                             Type                      Level
   a - Infusion                       Charms                       1
   b - Shroud of Golubria             Charms/Translocation         2
   c - Song of Slaying                Charms                       2
   d - Spectral Weapon                Hexes/Charms                 3
   e - Regeneration                   Charms/Necromancy            3
Comestibles
 d - a bread ration {@e1}


   Skills:
 - Level 2.0 Fighting
 + Level 2.9 Maces & Flails
 - Level 0.8 Armour
 - Level 0.8 Dodging
 - Level 2.0 Spellcasting
 - Level 2.6 Charms


You had 4 spell levels left.
You knew the following spells:

 Your Spells              Type           Power        Failure   Level  Hunger
a - Infusion              Chrm           #...         12%         1    ##.....


Dungeon Overview and Level Annotations

Branches:
Dungeon (1/15)

Altars:


Innate Abilities, Weirdness & Mutations

When seriously injured, your bleeding wounds create armour. (AC +6)


Message History

You take 1 damage, and have 11/22 hp.
You closely miss the rat.
The rat is heavily wounded.
The rat bites you.
You hit the rat but do no damage.
The rat is heavily wounded.
The rat misses you. The rat barely misses you.
Unknown command.
Your leather armour prevents you from hitting the rat.
The rat is heavily wounded.
The rat bites you.
You take 1 damage, and have 10/22 hp.
You hit the rat.
You kill the rat!
You closely miss the hobgoblin. The hobgoblin barely misses you.
You closely miss the hobgoblin. The hobgoblin hits you with a club!
* * * LOW HITPOINT WARNING * * *
You take 7 damage, and have 3/22 hp.
MASSIVE DAMAGE!!
You hit the hobgoblin but do no damage. The hobgoblin hits you with a club.
You die...

.......█.........█......
......█.........█...... .
█.?..██.......██......
..██....█.............)..
.......†█........(█......
........█.........█......
........█..>......█>.....
.......g█.........█......
████████@█.......██......
█.........████.....
█.........██ █......
...........████......
█..██.███....÷........
.... █.█ █.█.██.██.....
██.. ..███.█.██.██.....
..█ █.................
███.................


You could see a hobgoblin.

Vanquished Creatures
  A giant cockroach (D:1)
  3 goblins (D:1)
  A hobgoblin (D:1)
  5 jackals (D:1)
  2 bats (D:1)
  A frilled lizard (D:1)
  2 kobolds (D:1)
  3 rats (D:1)
18 creatures vanquished.

Notes
Turn   | Place    | Note
-------+----------+-------------------------------------------
     0 | D:1      | Goblin1989 the Demonspawn Skald began the quest for the Orb.
     0 | D:1      | Reached XP level 1. HP: 16/16 MP: 3/3
    68 | D:1      | Gained mutation: When seriously injured, your bleeding wounds create armour. (AC +6) [demonic ancestry]
    68 | D:1      | Reached XP level 2. HP: 2/22 MP: 5/5
   352 | D:1      | Goblin1989: ??blood
   352 | D:1      | beem: potion of blood[1/2]: Vampire food. Decays, but quicker to eat than sucking a corpse. And weighs less. Since 0.14, all races get the same amount of nutrition as vampires do, slightly more than 1 chunk's worth. However, players lacking gourmand or carnivore might get {sick}.
   484 | D:1      | Slain by a hobgoblin

Skill      XL: |  1 |
---------------+----+-----
Maces & Flails | 2 |  2.9
Fighting       | |  2.0
Armour         | |  0.8
Dodging        | |  0.8
Spellcasting   | |  2.0
Charms         | |  2.6

Action                   || total
-------------------------++-------
Melee: Mace              ||    64
       Hand axe          ||    16
Armor: Leather armour    ||    40
Dodge: Dodged            ||    69

Vault maps used:
D:1:      shiori_arrival_maze, kennysheep_pointless_box
